 Dungeon Crawl Stone Soup version 0.29-a0-234-g0dae59b3db (webtiles) character file.

Game seed: 8528181953137154873

65 siradein the Grave Robber (level 3, 0/26 HPs)
             Began as a Draconian Necromancer on Mar 3, 2022.
             Killed from afar by Sigmund (5 damage)
             ... with a puff of flame
             ... on level 2 of the Dungeon.
             The game lasted 00:02:57 (1685 turns).

siradein the Grave Robber (Draconian Necromancer)   Turns: 1685, Time: 00:02:58

Health: 0/26       AC:  5    Str: 10    XL:     3   Next: 92%
Magic:  6/7        EV: 12    Int: 17    God:
Gold:   64         SH:  0    Dex: 11    Spells: 5/7 levels left

rFire   . . .      SeeInvis .   j - +1 falchion (freeze)
rCold   . . .      Faith    .   (no shield)
rNeg    . . .      Spirit   .   (body armour unavailable)
rPois   .          Reflect  .   (helmet restricted)
rElec   .          Harm     .   (no cloak)
rCorr   .          Rampage  .   (no gloves)
Will    .....                   (no boots)
Stlth   ++........              (no amulet)
HPRegen 0.08/turn               (no ring)
MPRegen 0.10/turn               (no ring)

@: no status effects
A: AC +5, unfitting armour, cold-blooded
a: no special abilities


You were on level 2 of the Dungeon.
You visited 1 branch of the dungeon, and saw 2 of its levels.

You collected 64 gold pieces.

Inventory:

Hand Weapons
 h - a +0 mace
 j - a +1 falchion of freezing (weapon)
Wands
 a - a wand of iceblast (9)
 i - a wand of polymorph (4)
Potions
 b - 2 potions of curing {unknown}
 c - 2 potions of heal wounds {unknown}
 d - a potion of lignification {unknown}
 e - a potion of attraction {unknown}
 f - a potion of degeneration {unknown}
 g - a potion of magic {unknown}


   Skills:
 + Level 0.8 Maces & Flails
 + Level 2.5 Dodging
 - Level 1.7 Stealth
 + Level 2.7 Spellcasting
 + Level 4.4 Necromancy


You had 5 spell levels left.
You knew the following spells:

 Your Spells              Type           Power      Damage    Failure   Level
a - Pain                  Necr           68%        1d7       2%          1
b - Animate Skeleton      Necr           34%        N/A       2%          1

Your spell library contained the following spells:

 Spells                   Type           Power      Damage    Failure   Level
 Vampiric Draining        Necr           17%        2d7       9%          3
 Shock                    Conj/Air       8%         1d3       19%         1
 Animate Dead             Necr           8%         N/A       28%         4
 Swiftness                Air            2%         N/A       47%         3
 Agony                    Necr           17%        N/A       61%         5
 Airstrike                Air            1%         N/A       87%         4


Dungeon Overview and Level Annotations

Branches:
Dungeon (2/15)

Altars:

Annotations:
D:2 1 runed translucent door, Crazy Yiuf, Sigmund


Innate Abilities, Weirdness & Mutations

Your plain brown scales are hard. (AC +5)
You cannot fit into any form of body armour.
You are cold-blooded and may be slowed by cold attacks.


Message History

The ball python hisses angrily.
The ball python bites you but does no damage.
The ball python misses you.
There is an open door here.
You hit the ball python. You freeze the ball python.
You kill the ball python!
No target in view!
No target in view!
A kobold comes into view. It is wielding a +0 dagger.
The kobold shouts!
You hear a shout!
A kobold is nearby!
A kobold is nearby!
A kobold is nearby!
The kobold writhes in agony.
You kill the kobold!
Sigmund the Dreaded comes into view.
He is wielding a +0 scythe.
Sigmund points at you and mumbles some strange words.
The puff of flame hits you!
A quokka comes into view.
Sigmund closely misses you.
Sigmund writhes in agony.
Sigmund barely resists.
Sigmund hits you from afar with a +0 scythe!
* * * LOW HITPOINT WARNING * * *
You are too injured to fight recklessly!
You are too injured to fight recklessly!
Sigmund gestures wildly while chanting.
Sigmund flickers and vanishes!
Deactivating autopickup; reactivate with Ctrl-A.
You are confused.
You bump into the rock wall.
A puff of flame appears from out of thin air!
The puff of flame misses you.
You feel less confused.
The quokka twitches its whiskers.
A puff of flame appears from out of thin air!
The puff of flame misses you.
A puff of flame appears from out of thin air!
The puff of flame hits you.
You die...

#.##......# #.#
#.##......# ##'##
#.##......# ##...##
#.##......# ##.....##
#.##......# ##.......#
#.........####.........
######...>.>.[.........
#........>####.........
#.####@#.## ##.......#
#.# #..#.# ##.....##
#.# #.##.# ##...## #.#
#.##.# ##+## #.###{##.#
#....r...# ##
#####.#### ... #.# ...
#.# .. .


You could see a quokka.

Vanquished Creatures
  Terence (D:2)
  4 dart slugs
  2 ball pythons
  3 bats
  3 endoplasms
  2 giant cockroaches
  4 goblins
  A hobgoblin (D:1)
  3 quokkas
  A frilled lizard (D:2)
  3 kobolds (D:2)
  2 rats
29 creatures vanquished.

Notes
Turn   | Place    | Note
-------+----------+-------------------------------------------
     0 | D:1      | siradein the Draconian Necromancer began the quest for the
                  | Orb.
     0 | D:1      | Reached XP level 1. HP: 14/14 MP: 3/3
   283 | D:1      | Found a faded altar of an unknown god.
   491 | D:1      | Reached XP level 2. HP: 19/20 MP: 3/5
  1067 | D:2      | Learned a level 1 spell: Animate Skeleton
  1084 | D:2      | Found a runed translucent door.
  1085 | D:2      | Noticed Crazy Yiuf
  1140 | D:2      | Reached XP level 3. HP: 25/26 MP: 6/6
  1482 | D:2      | Noticed Terence
  1500 | D:2      | Killed Terence
  1660 | D:2      | Noticed Sigmund
  1685 | D:2      | Killed from afar by Sigmund

Illustrated notes

Levels and vault maps discovered:
D:1:      lightli_arrival_flooded_house, layout_basic, basic_ecumenical_altar,
          minmay_misc_feat_enclosed
D:2:      layout_loops_corners, uniq_terence, uniq_sigmund,
          uniq_crazy_yiuf_cottage

Skill      XL: |  1 |
---------------+----+-----
Dodging        | 2 |  2.5
Maces & Flails | |  0.8
Stealth        | |  1.7
Spellcasting   | |  2.7
Necromancy     | |  4.4

Action                   || total
-------------------------++-------
Melee: Spear             ||    23
       Mace              ||    20
       Tailslap          ||     3
       Falchion          ||     1
 Cast: Pain              ||    33
       Animate Skeleton  ||     1
Armor: Skin              ||    16
Dodge: Dodged            ||    27

Table legend: (Time is in decaauts)
 A = Elapsed time spent in this place.
 B = Non-inter-level travel time spent in this place.
 C = Inter-level travel time spent in this place.
 D = Time resting spent in this place.
 E = Time spent auto-exploring this place.
 F = Levels seen in this place.
 G = Mean time per level.
                   A        B        C        D        E       F      G
               +--------+--------+--------+--------+--------+-----+--------+
         Total |   1693 |   1673 |     20 |     63 |   1390 |   2 |  846.5 |
       Dungeon |   1693 |   1673 |     20 |     63 |   1390 |   2 |  846.5 |
               +--------+--------+--------+--------+--------+-----+--------+

Top non-repeatable levels by time:
     D:1: 878 daAuts
     D:2: 815 daAuts
